Workbook

Sheet Inputs
A1: Greece2Day Financial Tools — #03 Financial Ratios Analyzer
A2: Συμπληρώστε μόνο τα κίτρινα κελιά. Ποσά σε € εκατ. εκτός αν αναφέρεται διαφορετικά.
A4: Κατάσταση Αποτελεσμάτων (€ εκατ.) | B4: Τρέχον Έτος | C4: Προηγ. Έτος | D4: Peer / Benchmark
A5: Revenue | B5: 1000 | C5: 920 | D5: 950
A6: COGS | B6: 620 | C6: 580 | D6: 590
A7: EBITDA | B7: 180 | C7: 155 | D7: 170
A8: EBIT | B8: 140 | C8: 120 | D8: 135
A9: Net Income | B9: 90 | C9: 75 | D9: 85
A10: Interest Expense | B10: 25 | C10: 24 | D10: 22
A11: Ισολογισμός (€ εκατ.)
A12: Cash & Equivalents | B12: 120 | C12: 105 | D12: 110
A13: Current Assets | B13: 420 | C13: 390 | D13: 400
A14: Inventory | B14: 110 | C14: 105 | D14: 100
A15: Current Liabilities | B15: 260 | C15: 250 | D15: 245
A16: Total Assets | B16: 1450 | C16: 1370 | D16: 1400
A17: Total Equity | B17: 650 | C17: 610 | D17: 640
A18: Total Debt | B18: 480 | C18: 460 | D18: 450
A19: Invested Capital | B19: 1010 | C19: 965 | D19: 990
A20: Accounts Receivable | B20: 180 | C20: 170 | D20: 175
A21: Στοιχεία Αγοράς
A22: Share Price (€) | B22: 8.5 | C22: 7.8 | D22: 8.2
A23: Shares Outstanding (εκατ.) | B23: 100 | C23: 100 | D23: 100

Sheet Ratios
A1: Αυτόματος Υπολογισμός Χρηματοοικονομικών Δεικτών
A3: Κατηγορία / Δείκτης | B3: Τρέχον Έτος | C3: Προηγ. Έτος | D3: Peer Median | E3: Σύντομη ένδειξη
A4: Κερδοφορία — Gross Margin | B4: =IFERROR((Inputs!B5-Inputs!B6)/Inputs!B5,0) -> 0.38 | C4: =IFERROR((Inputs!C5-Inputs!C6)/Inputs!C5,0) -> 0.36956522 | D4: ='Peer Group'!G25 -> 0.37894737 | E4: =IF(B4=D4,"≈ Peer",IF(B4>D4,"Πάνω από Peer","Κάτω από Peer")) -> Πάνω από Peer
A5: EBITDA Margin | B5: =IFERROR(Inputs!B7/Inputs!B5,0) -> 0.18 | C5: =IFERROR(Inputs!C7/Inputs!C5,0) -> 0.16847826 | D5: ='Peer Group'!G26 -> 0.18163265 | E5: =IF(B5=D5,"≈ Peer",IF(B5>D5,"Πάνω από Peer","Κάτω από Peer")) -> Κάτω από Peer
A6: EBIT Margin | B6: =IFERROR(Inputs!B8/Inputs!B5,0) -> 0.14 | C6: =IFERROR(Inputs!C8/Inputs!C5,0) -> 0.13043478 | D6: ='Peer Group'!G27 -> 0.14489796 | E6: =IF(B6=D6,"≈ Peer",IF(B6>D6,"Πάνω από Peer","Κάτω από Peer")) -> Κάτω από Peer
A7: Net Margin | B7: =IFERROR(Inputs!B9/Inputs!B5,0) -> 0.09 | C7: =IFERROR(Inputs!C9/Inputs!C5,0) -> 0.081521739 | D7: ='Peer Group'!G28 -> 0.089795918 | E7: =IF(B7=D7,"≈ Peer",IF(B7>D7,"Πάνω από Peer","Κάτω από Peer")) -> Πάνω από Peer
A8: ROA | B8: =IFERROR(Inputs!B9/Inputs!B16,0) -> 0.062068966 | C8: =IFERROR(Inputs!C9/Inputs!C16,0) -> 0.054744526 | D8: ='Peer Group'!G29 -> 0.061538462 | E8: =IF(B8=D8,"≈ Peer",IF(B8>D8,"Πάνω από Peer","Κάτω από Peer")) -> Πάνω από Peer
A9: ROE | B9: =IFERROR(Inputs!B9/Inputs!B17,0) -> 0.13846154 | C9: =IFERROR(Inputs!C9/Inputs!C17,0) -> 0.12295082 | D9: ='Peer Group'!G30 -> 0.13435115 | E9: =IF(B9=D9,"≈ Peer",IF(B9>D9,"Πάνω από Peer","Κάτω από Peer")) -> Πάνω από Peer
A10: ROIC | B10: =IFERROR(Inputs!B8/Inputs!B19,0) -> 0.13861386 | C10: =IFERROR(Inputs!C8/Inputs!C19,0) -> 0.12435233 | D10: ='Peer Group'!G31 -> 0.13990148 | E10: =IF(B10=D10,"≈ Peer",IF(B10>D10,"Πάνω από Peer","Κάτω από Peer")) -> Κάτω από Peer
A11: Ρευστότητα — Current Ratio | B11: =IFERROR(Inputs!B13/Inputs!B15,0) -> 1.6153846 | C11: =IFERROR(Inputs!C13/Inputs!C15,0) -> 1.56 | D11: ='Peer Group'!G32 -> 1.64 | E11: =IF(B11=D11,"≈ Peer",IF(B11>D11,"Πάνω από Peer","Κάτω από Peer")) -> Κάτω από Peer
A12: Quick Ratio | B12: =IFERROR((Inputs!B13-Inputs!B14)/Inputs!B15,0) -> 1.1923077 | C12: =IFERROR((Inputs!C13-Inputs!C14)/Inputs!C15,0) -> 1.14 | D12: ='Peer Group'!G33 -> 1.22 | E12: =IF(B12=D12,"≈ Peer",IF(B12>D12,"Πάνω από Peer","Κάτω από Peer")) -> Κάτω από Peer
A13: Cash Ratio | B13: =IFERROR(Inputs!B12/Inputs!B15,0) -> 0.46153846 | C13: =IFERROR(Inputs!C12/Inputs!C15,0) -> 0.42 | D13: ='Peer Group'!G34 -> 0.46 | E13: =IF(B13=D13,"≈ Peer",IF(B13>D13,"Πάνω από Peer","Κάτω από Peer")) -> Πάνω από Peer
A14: Μόχλευση — Debt / Equity | B14: =IFERROR(Inputs!B18/Inputs!B17,0) -> 0.73846154 | C14: =IFERROR(Inputs!C18/Inputs!C17,0) -> 0.75409836 | D14: ='Peer Group'!G35 -> 0.703125 | E14: =IF(B14=D14,"≈ Peer",IF(B14>D14,"Πάνω από Peer","Κάτω από Peer")) -> Πάνω από Peer
A15: Debt / EBITDA | B15: =IFERROR(Inputs!B18/Inputs!B7,0) -> 2.6666667 | C15: =IFERROR(Inputs!C18/Inputs!C7,0) -> 2.9677419 | D15: ='Peer Group'!G36 -> 2.5842697 | E15: =IF(B15=D15,"≈ Peer",IF(B15>D15,"Πάνω από Peer","Κάτω από Peer")) -> Πάνω από Peer
A16: Net Debt / EBITDA | B16: =IFERROR((Inputs!B18-Inputs!B12)/Inputs!B7,0) -> 2 | C16: =IFERROR((Inputs!C18-Inputs!C12)/Inputs!C7,0) -> 2.2903226 | D16: ='Peer Group'!G37 -> 1.9382022 | E16: =IF(B16=D16,"≈ Peer",IF(B16>D16,"Πάνω από Peer","Κάτω από Peer")) -> Πάνω από Peer
A17: Interest Coverage | B17: =IFERROR(Inputs!B8/Inputs!B10,0) -> 5.6 | C17: =IFERROR(Inputs!C8/Inputs!C10,0) -> 5 | D17: ='Peer Group'!G38 -> 6.1363636 | E17: =IF(B17=D17,"≈ Peer",IF(B17>D17,"Πάνω από Peer","Κάτω από Peer")) -> Κάτω από Peer
A18: Αποδοτικότητα — Asset Turnover | B18: =IFERROR(Inputs!B5/Inputs!B16,0) -> 0.68965517 | C18: =IFERROR(Inputs!C5/Inputs!C16,0) -> 0.67153285 | D18: ='Peer Group'!G39 -> 0.68531469 | E18: =IF(B18=D18,"≈ Peer",IF(B18>D18,"Πάνω από Peer","Κάτω από Peer")) -> Πάνω από Peer
A19: Receivables Turnover | B19: =IFERROR(Inputs!B5/Inputs!B20,0) -> 5.5555556 | C19: =IFERROR(Inputs!C5/Inputs!C20,0) -> 5.4117647 | D19: ='Peer Group'!G40 -> 5.505618 | E19: =IF(B19=D19,"≈ Peer",IF(B19>D19,"Πάνω από Peer","Κάτω από Peer")) -> Πάνω από Peer
A20: Αποτίμηση — P/E | B20: =IFERROR((Inputs!B22*Inputs!B23)/Inputs!B9,0) -> 9.4444444 | C20: =IFERROR((Inputs!C22*Inputs!C23)/Inputs!C9,0) -> 10.4 | D20: ='Peer Group'!G41 -> 9.5454545 | E20: =IF(B20=D20,"≈ Peer",IF(B20>D20,"Πάνω από Peer","Κάτω από Peer")) -> Κάτω από Peer
A21: P/BV | B21: =IFERROR((Inputs!B22*Inputs!B23)/Inputs!B17,0) -> 1.3076923 | C21: =IFERROR((Inputs!C22*Inputs!C23)/Inputs!C17,0) -> 1.2786885 | D21: ='Peer Group'!G42 -> 1.28125 | E21: =IF(B21=D21,"≈ Peer",IF(B21>D21,"Πάνω από Peer","Κάτω από Peer")) -> Πάνω από Peer
A22: EV / EBITDA | B22: =IFERROR(((Inputs!B22*Inputs!B23)+Inputs!B18-Inputs!B12)/Inputs!B7,0) -> 6.7222222 | C22: =IFERROR(((Inputs!C22*Inputs!C23)+Inputs!C18-Inputs!C12)/Inputs!C7,0) -> 7.3225806 | D22: ='Peer Group'!G43 -> 6.6573034 | E22: =IF(B22=D22,"≈ Peer",IF(B22>D22,"Πάνω από Peer","Κάτω από Peer")) -> Πάνω από Peer
A23: EV / EBIT | B23: =IFERROR(((Inputs!B22*Inputs!B23)+Inputs!B18-Inputs!B12)/Inputs!B8,0) -> 8.6428571 | C23: =IFERROR(((Inputs!C22*Inputs!C23)+Inputs!C18-Inputs!C12)/Inputs!C8,0) -> 9.4583333 | D23: ='Peer Group'!G44 -> 8.3450704 | E23: =IF(B23=D23,"≈ Peer",IF(B23>D23,"Πάνω από Peer","Κάτω από Peer")) -> Πάνω από Peer

Sheet Dashboard
A1: Financial Ratios Analyzer — Dashboard
A3: KPI | B3: Τρέχον | C3: Προηγ. | D3: Peer
A4: ROE | B4: =Ratios!B9 -> 0.13846154 | C4: =Ratios!C9 -> 0.12295082 | D4: =Ratios!D9 -> 0.13435115
A5: ROIC | B5: =Ratios!B10 -> 0.13861386 | C5: =Ratios!C10 -> 0.12435233 | D5: =Ratios!D10 -> 0.13990148
A6: Current Ratio | B6: =Ratios!B11 -> 1.6153846 | C6: =Ratios!C11 -> 1.56 | D6: =Ratios!D11 -> 1.64
A7: Net Debt / EBITDA | B7: =Ratios!B16 -> 2 | C7: =Ratios!C16 -> 2.2903226 | D7: =Ratios!D16 -> 1.9382022
A8: Interest Coverage | B8: =Ratios!B17 -> 5.6 | C8: =Ratios!C17 -> 5 | D8: =Ratios!D17 -> 6.1363636
A9: P/E | B9: =Ratios!B20 -> 9.4444444 | C9: =Ratios!C20 -> 10.4 | D9: =Ratios!D20 -> 9.5454545
A10: EV / EBITDA | B10: =Ratios!B22 -> 6.7222222 | C10: =Ratios!C22 -> 7.3225806 | D10: =Ratios!D22 -> 6.6573034
A13: Γρήγορη ανάγνωση
A14: Κερδοφορία | B14: ROE / ROIC / margins | C14: Δείτε τάση και peer
A15: Ρευστότητα | B15: Current / Quick / Cash | C15: Ικανότητα κάλυψης βραχυπρόθεσμων υποχρεώσεων
A16: Μόχλευση | B16: Debt/Equity / Net Debt/EBITDA | C16: Χρηματοοικονομικός κίνδυνος
A17: Αποδοτικότητα | B17: Turnover ratios | C17: Αποτελεσματική χρήση ενεργητικού
A18: Αποτίμηση | B18: P/E / P/BV / EV multiples | C18: Σύγκριση με peer, όχι αυτόνομη ετυμηγορία

Sheet Guide
A1: Οδηγίες Χρήσης
A3: 1 | B3: Inputs | C3: Αλλάζετε μόνο τα κίτρινα κελιά με μπλε αριθμούς.
A4: 2 | B4: Τρέχον / Προηγούμενο | C4: Εισάγετε στοιχεία δύο περιόδων για να φαίνεται η τάση.
A5: 3 | B5: Peer / Benchmark | C5: Προαιρετικά εισάγετε κλαδικό μέσο ή συγκεκριμένο συγκρίσιμο.
A6: 4 | B6: Ratios | C6: Όλοι οι δείκτες υπολογίζονται αυτόματα.
A7: 5 | B7: Dashboard | C7: Συγκεντρώνει βασικά KPI για γρήγορη ανάγνωση.
A8: 6 | B8: ROIC | C8: Χρησιμοποιείται EBIT / Invested Capital ως απλοποιημένη προσέγγιση.
A9: 7 | B9: EV | C9: Market Cap + Debt − Cash.
A10: 8 | B10: Σημείωση | C10: Οι δείκτες χρειάζονται κλαδικό και λογιστικό context· δεν αποτελούν επενδυτική σύσταση.
A12: 9 | B12: Peer Group | C12: Περάστε έως 5 συγκρίσιμες εταιρείες. Το εργαλείο υπολογίζει αυτόματα median benchmark ανά ratio.
A13: 10 | B13: Γιατί median; | C13: Η διάμεσος περιορίζει την επίδραση ακραίων τιμών σε multiples και leverage ratios.

Sheet Peer Group
A1: Peer Group — έως 5 συγκρίσιμες εταιρείες | Αυτόματο Median Benchmark
A2: Συμπληρώστε μόνο τα κίτρινα κελιά. Αφήστε κενή μια εταιρεία αν δεν χρησιμοποιείται. Τα benchmark ratios υπολογίζονται ως median των διαθέσιμων peers.
A4: Οικονομικό στοιχείο (€ εκατ. εκτός όπου αναφέρεται) | B4: Peer 1 | C4: Peer 2 | D4: Peer 3 | E4: Peer 4 | F4: Peer 5 | G4: Median Input
A5: Revenue | B5: 950 | C5: 1100 | D5: 875 | E5: 1025 | F5: 980 | G5: =MEDIAN(B5:F5) -> 980
A6: COGS | B6: 590 | C6: 690 | D6: 535 | E6: 635 | F6: 610 | G6: =MEDIAN(B6:F6) -> 610
A7: EBITDA | B7: 170 | C7: 205 | D7: 145 | E7: 190 | F7: 178 | G7: =MEDIAN(B7:F7) -> 178
A8: EBIT | B8: 135 | C8: 165 | D8: 110 | E8: 150 | F8: 142 | G8: =MEDIAN(B8:F8) -> 142
A9: Net Income | B9: 85 | C9: 105 | D9: 65 | E9: 95 | F9: 88 | G9: =MEDIAN(B9:F9) -> 88
A10: Interest Expense | B10: 22 | C10: 28 | D10: 21 | E10: 24 | F10: 23 | G10: =MEDIAN(B10:F10) -> 23
A11: Cash & Equivalents | B11: 110 | C11: 140 | D11: 90 | E11: 125 | F11: 115 | G11: =MEDIAN(B11:F11) -> 115
A12: Current Assets | B12: 400 | C12: 455 | D12: 360 | E12: 430 | F12: 410 | G12: =MEDIAN(B12:F12) -> 410
A13: Inventory | B13: 100 | C13: 120 | D13: 95 | E13: 108 | F13: 105 | G13: =MEDIAN(B13:F13) -> 105
A14: Current Liabilities | B14: 245 | C14: 275 | D14: 230 | E14: 260 | F14: 250 | G14: =MEDIAN(B14:F14) -> 250
A15: Total Assets | B15: 1400 | C15: 1580 | D15: 1280 | E15: 1490 | F15: 1430 | G15: =MEDIAN(B15:F15) -> 1430
A16: Total Equity | B16: 640 | C16: 720 | D16: 570 | E16: 690 | F16: 655 | G16: =MEDIAN(B16:F16) -> 655
... A21: Shares Outstanding (εκατ.) | B21: 100 | C21: 100 | D21: 100 | E21: 100 | F21: 100 | G21: =MEDIAN(B21:F21) -> 100
A24: Ratio | B24: Peer 1 | C24: Peer 2 | D24: Peer 3 | E24: Peer 4 | F24: Peer 5 | G24: Median Benchmark
A25: Gross Margin | B25: =IFERROR((B5-B6)/B5,"") -> 0.37894737 | C25: =IFERROR((C5-C6)/C5,"") -> 0.37272727 | D25: =IFERROR((D5-D6)/D5,"") -> 0.38857143 | E25: =IFERROR((E5-E6)/E5,"") -> 0.3804878 | F25: =IFERROR((F5-F6)/F5,"") -> 0.37755102 | G25: =MEDIAN(B25:F25) -> 0.37894737
A26: EBITDA Margin | B26: =IFERROR(B7/B5,"") -> 0.17894737 | C26: =IFERROR(C7/C5,"") -> 0.18636364 | D26: =IFERROR(D7/D5,"") -> 0.16571429 | E26: =IFERROR(E7/E5,"") -> 0.18536585 | F26: =IFERROR(F7/F5,"") -> 0.18163265 | G26: =MEDIAN(B26:F26) -> 0.18163265
A27: EBIT Margin | B27: =IFERROR(B8/B5,"") -> 0.14210526 | C27: =IFERROR(C8/C5,"") -> 0.15 | D27: =IFERROR(D8/D5,"") -> 0.12571429 | E27: =IFERROR(E8/E5,"") -> 0.14634146 | F27: =IFERROR(F8/F5,"") -> 0.14489796 | G27: =MEDIAN(B27:F27) -> 0.14489796
A28: Net Margin | B28: =IFERROR(B9/B5,"") -> 0.089473684 | C28: =IFERROR(C9/C5,"") -> 0.095454545 | D28: =IFERROR(D9/D5,"") -> 0.074285714 | E28: =IFERROR(E9/E5,"") -> 0.092682927 | F28: =IFERROR(F9/F5,"") -> 0.089795918 | G28: =MEDIAN(B28:F28) -> 0.089795918
A29: ROA | B29: =IFERROR(B9/B15,"") -> 0.060714286 | C29: =IFERROR(C9/C15,"") -> 0.066455696 | D29: =IFERROR(D9/D15,"") -> 0.05078125 | E29: =IFERROR(E9/E15,"") -> 0.063758389 | F29: =IFERROR(F9/F15,"") -> 0.061538462 | G29: =MEDIAN(B29:F29) -> 0.061538462
A30: ROE | B30: =IFERROR(B9/B16,"") -> 0.1328125 | C30: =IFERROR(C9/C16,"") -> 0.14583333 | D30: =IFERROR(D9/D16,"") -> 0.11403509 | E30: =IFERROR(E9/E16,"") -> 0.13768116 | F30: =IFERROR(F9/F16,"") -> 0.13435115 | G30: =MEDIAN(B30:F30) -> 0.13435115
A31: ROIC | B31: =IFERROR(B8/B18,"") -> 0.13636364 | C31: =IFERROR(C8/C18,"") -> 0.14732143 | D31: =IFERROR(D8/D18,"") -> 0.12222222 | E31: =IFERROR(E8/E18,"") -> 0.14285714 | F31: =IFERROR(F8/F18,"") -> 0.13990148 | G31: =MEDIAN(B31:F31) -> 0.13990148
A32: Current Ratio | B32: =IFERROR(B12/B14,"") -> 1.6326531 | C32: =IFERROR(C12/C14,"") -> 1.6545455 | D32: =IFERROR(D12/D14,"") -> 1.5652174 | E32: =IFERROR(E12/E14,"") -> 1.6538462 | F32: =IFERROR(F12/F14,"") -> 1.64 | G32: =MEDIAN(B32:F32) -> 1.64
A33: Quick Ratio | B33: =IFERROR((B12-B13)/B14,"") -> 1.2244898 | C33: =IFERROR((C12-C13)/C14,"") -> 1.2181818 | D33: =IFERROR((D12-D13)/D14,"") -> 1.1521739 | E33: =IFERROR((E12-E13)/E14,"") -> 1.2384615 | F33: =IFERROR((F12-F13)/F14,"") -> 1.22 | G33: =MEDIAN(B33:F33) -> 1.22
A34: Cash Ratio | B34: =IFERROR(B11/B14,"") -> 0.44897959 | C34: =IFERROR(C11/C14,"") -> 0.50909091 | D34: =IFERROR(D11/D14,"") -> 0.39130435 | E34: =IFERROR(E11/E14,"") -> 0.48076923 | F34: =IFERROR(F11/F14,"") -> 0.46 | G34: =MEDIAN(B34:F34) -> 0.46
A35: Debt / Equity | B35: =IFERROR(B17/B16,"") -> 0.703125 | C35: =IFERROR(C17/C16,"") -> 0.72222222 | D35: =IFERROR(D17/D16,"") -> 0.75438596 | E35: =IFERROR(E17/E16,"") -> 0.6884058 | F35: =IFERROR(F17/F16,"") -> 0.70229008 | G35: =MEDIAN(B35:F35) -> 0.703125
A36: Debt / EBITDA | B36: =IFERROR(B17/B7,"") -> 2.6470588 | C36: =IFERROR(C17/C7,"") -> 2.5365854 | D36: =IFERROR(D17/D7,"") -> 2.9655172 | E36: =IFERROR(E17/E7,"") -> 2.5 | F36: =IFERROR(F17/F7,"") -> 2.5842697 | G36: =MEDIAN(B36:F36) -> 2.5842697
A37: Net Debt / EBITDA | B37: =IFERROR((B17-B11)/B7,"") -> 2 | C37: =IFERROR((C17-C11)/C7,"") -> 1.8536585 | D37: =IFERROR((D17-D11)/D7,"") -> 2.3448276 | E37: =IFERROR((E17-E11)/E7,"") -> 1.8421053 | F37: =IFERROR((F17-F11)/F7,"") -> 1.9382022 | G37: =MEDIAN(B37:F37) -> 1.9382022
A38: Interest Coverage | B38: =IFERROR(B8/B10,"") -> 6.1363636 | C38: =IFERROR(C8/C10,"") -> 5.8928571 | D38: =IFERROR(D8/D10,"") -> 5.2380952 | E38: =IFERROR(E8/E10,"") -> 6.25 | F38: =IFERROR(F8/F10,"") -> 6.173913 | G38: =MEDIAN(B38:F38) -> 6.1363636
A39: Asset Turnover | B39: =IFERROR(B5/B15,"") -> 0.67857143 | C39: =IFERROR(C5/C15,"") -> 0.69620253 | D39: =IFERROR(D5/D15,"") -> 0.68359375 | E39: =IFERROR(E5/E15,"") -> 0.68791946 | F39: =IFERROR(F5/F15,"") -> 0.68531469 | G39: =MEDIAN(B39:F39) -> 0.68531469
A40: Receivables Turnover | B40: =IFERROR(B5/B19,"") -> 5.4285714 | C40: =IFERROR(C5/C19,"") -> 5.5 | D40: =IFERROR(D5/D19,"") -> 5.6451613 | E40: =IFERROR(E5/E19,"") -> 5.5405405 | F40: =IFERROR(F5/F19,"") -> 5.505618 | G40: =MEDIAN(B40:F40) -> 5.505618
A41: P/E | B41: =IFERROR((B20*B21)/B9,"") -> 9.6470588 | C41: =IFERROR((C20*C21)/C9,"") -> 8.952381 | D41: =IFERROR((D20*D21)/D9,"") -> 10.615385 | E41: =IFERROR((E20*E21)/E9,"") -> 9.2631579 | F41: =IFERROR((F20*F21)/F9,"") -> 9.5454545 | G41: =MEDIAN(B41:F41) -> 9.5454545
A42: P/BV | B42: =IFERROR((B20*B21)/B16,"") -> 1.28125 | C42: =IFERROR((C20*C21)/C16,"") -> 1.3055556 | D42: =IFERROR((D20*D21)/D16,"") -> 1.2105263 | E42: =IFERROR((E20*E21)/E16,"") -> 1.2753623 | F42: =IFERROR((F20*F21)/F16,"") -> 1.2824427 | G42: =MEDIAN(B42:F42) -> 1.28125
A43: EV / EBITDA | B43: =IFERROR(((B20*B21)+B17-B11)/B7,"") -> 6.8235294 | C43: =IFERROR(((C20*C21)+C17-C11)/C7,"") -> 6.4390244 | D43: =IFERROR(((D20*D21)+D17-D11)/D7,"") -> 7.1034483 | E43: =IFERROR(((E20*E21)+E17-E11)/E7,"") -> 6.4736842 | F43: =IFERROR(((F20*F21)+F17-F11)/F7,"") -> 6.6573034 | G43: =MEDIAN(B43:F43) -> 6.6573034
A44: EV / EBIT | B44: =IFERROR(((B20*B21)+B17-B11)/B8,"") -> 8.5925926 | C44: =IFERROR(((C20*C21)+C17-C11)/C8,"") -> 8 | D44: =IFERROR(((D20*D21)+D17-D11)/D8,"") -> 9.3636364 | E44: =IFERROR(((E20*E21)+E17-E11)/E8,"") -> 8.2 | F44: =IFERROR(((F20*F21)+F17-F11)/F8,"") -> 8.3450704 | G44: =MEDIAN(B44:F44) -> 8.3450704
